AoeStats
← 🅡🅐🅨🅖🅞🅝

Hideout

508511076Analyzed
1v1 RM · 9d ago on Sep 22, 2026· 55m 48s· 2 players
Game mode
Random Map
Map size
Tiny (2 player)
Population
200
Speed
Normal
Resources
Standard
Victory
Conquest
Starting age
Dark Age
Ending age
Imperial Age
RankedLock teamsTeams togetherTeam positionsShared explorationLock speedFull tech treeHidden civsTurbo modeCheats
Victory
Defeat
🇪🇸 Britons · Spain
762
+15
🇩🇰 Khmer · Denmark
734
-27
🅡🅐🅨🅖🅞🅝
10:27 Feudal Age
10:57 Double-Bit Axe
12:25 Horse Collar
12:57 Gold Mining
19:43 Castle Age
18:10 Stone Mining
20:34 Bow Saw
20:25 Heavy Plow
21:01 Padded Archer Armor
20:51 Fletching
22:18 Crossbowman
25:14 Leather Archer Armor
24:56 Bodkin Arrow
26:24 Gold Shaft Mining
26:24 Stone Shaft Mining
28:22 Pikeman
29:17 Forging
29:08 Scale Mail Armor
34:32 Imperial Age
33:30 Wheelbarrow
32:41 Loom
32:41 Town Watch
35:49 Crop Rotation
36:09 Hand Cart
35:55 Town Patrol
39:33 Iron Casting
39:13 Chain Mail Armor
39:03 Scale Barding Armor
38:58 Bracer
39:30 Ring Archer Armor
38:37 Arbalester
39:38 Halberdier
43:47 Blast Furnace
44:07 Elite Skirmisher
44:18 Heavy Cavalry Archer
45:24 Parthian Tactics
46:37 Scale Barding Armor
46:10 Onager
48:06 Chain Barding Armor
47:16 Light Cavalry
48:06 Bloodlines
47:59 Husbandry
49:08 Hussar
SirFelatus
0:31 Loom
9:30 Feudal Age
10:03 Town Watch
10:06 Double-Bit Axe
10:04 Horse Collar
13:43 Gold Mining
20:22 Castle Age
20:47 Stone Mining
22:14 Wheelbarrow
22:17 Bow Saw
22:10 Heavy Plow
25:44 Hand Cart
26:11 Town Patrol
31:40 Imperial Age
29:24 Fletching
31:01 Bodkin Arrow
31:17 Forging
31:14 Scale Barding Armor
31:10 Padded Archer Armor
31:55 Gold Shaft Mining
31:24 Squires
32:41 Bracer
32:54 Pikeman
33:25 Gambesons
33:19 Crossbowman
34:28 Husbandry
35:07 Iron Casting
34:11 Elite Skirmisher
36:01 Chain Barding Armor
35:57 Leather Archer Armor
35:44 Scale Mail Armor
36:59 Blast Furnace
36:42 Halberdier
38:14 Hoardings
38:02 Yeomen
38:38 Ring Archer Armor
38:43 Plate Barding Armor
38:46 Warwolf
39:59 Ballistics
40:40 Chemistry
40:17 Murder Holes
40:28 Siege Engineers
43:22 Sanctity
43:19 Fervor
44:21 Two-Man Saw
43:40 Chain Mail Armor
44:07 Masonry
43:59 Cavalier
49:47 Plate Mail Armor
Connection lost

Rejoining the realm…

Still unreachable

The connection could not be restored.

Session expired

The server has moved on; the page needs a fresh start.